 Dungeon Crawl Stone Soup version 0.31-a0-875-g02e7d12df6 (webtiles) character file.

Game seed: 676338177519226150

76534 GigaChad the Cleaver (level 16, -3/62 (101) HPs) *EXPLORE*
             Began as a Kobold Fighter on Oct 11, 2023.
             Was a High Priest of Wu Jian.
             Slain by an Executioner (12 damage)
             ... summoned by a dread lich
             ... on level 2 of the Abyss on Oct 12, 2023.
             The game lasted 00:41:12 (19199 turns).

GigaChad the Cleaver (Kobold Fighter)              Turns: 19199, Time: 00:41:12

HP:   -3/62 (101)   AC: 18    Str: 13 (19) XL:     16   Next: 2%
MP:   19/19         EV:  6    Int:  6 (8)  God:    Wu Jian [*****.]
Gold: 1289          SH:  4    Dex:  1 (10) Spells: 31/31 levels left

rFire   . . .        a - +1 war axe (protect)
rCold   . . .        c - +0 buckler
rNeg    . . .        b - +2 plate armour
rPois   .            (no helmet)
rElec   .            (no cloak)
rCorr   .            (no gloves)
SInv    .            (no boots)
Will    +....        z - amulet of regeneration
Stlth   +            (no ring)
HPRegen 0.00/turn    (no ring)
MPRegen 0.16/turn

%: random rage (9%)
@: under a protective aura, on berserk cooldown, inhibited regen, slowed, very
heavily drained, unable to drink, very slow
A: small, no large weapons, nightstalker 3, [berserk 2], clumsy 1[+1], [deformed
body], [dopey 1], low MP 1[+2], [inhibited regeneration], [weak 1], [subdued
magic 1], inability to drink after injury 1[+1], inability to read after injury
1[+1]
a: Renounce Religion, Wall Jump, Serpent's Lash, Heavenly Storm


You were on level 2 of the Abyss.
You worshipped Wu Jian.
Wu Jian was extremely pleased with you.
You visited 4 branches of the dungeon, and saw 17 of its levels.
You visited the Abyss 1 time.

You collected 1289 gold pieces.

Inventory:

Hand Weapons
 a - a +1 war axe of protection (weapon)
Missiles
 A - a throwing net
Armour
 b - a +2 plate armour (worn)
 c - a +0 buckler (worn)
Jewellery
 k - a +6 ring of intelligence
 r - a ring of wizardry
 s - a ring of ice
 u - an amulet of reflection
 z - an amulet of regeneration (around neck)
 B - an amulet of magic regeneration
 C - an amulet of faith
 E - a ring of ice
 F - an amulet of the acrobat
 I - a ring of ice
 L - a ring of protection from fire
 M - a ring of protection from fire
 O - a ring of magical power
Wands
 t - a wand of charming (28)
 v - a wand of light (5)
 x - a wand of roots (34)
 D - a wand of flame (19)
 P - a wand of polymorph (1)
Scrolls
 e - 3 scrolls of fear
 f - 6 scrolls of teleportation
 j - 3 scrolls of blinking
 o - a scroll of butterflies
 q - 3 scrolls of amnesia
 w - a scroll of revelation
 y - 4 scrolls of identify
 G - a scroll of fog
 N - a scroll of silence {unknown}
 Q - a scroll of enchant weapon
Potions
 d - 2 potions of might
 g - 4 potions of haste {unknown}
 h - 8 potions of curing {unknown}
 i - 5 potions of heal wounds {unknown}
 l - 3 potions of degeneration {unknown}
 m - 4 potions of mutation {unknown}
 n - 2 potions of lignification {unknown}
 p - 3 potions of enlightenment {unknown}
 H - a potion of berserk rage {unknown}
 K - 2 potions of invisibility {unknown}
Miscellaneous
 J - a phial of floods


   Skills:
 * Level 11.9 Fighting
 * Level 13.1 Axes
 * Level 10.4 Armour
 * Level 10.0 Dodging
 * Level 11.8 Stealth
 * Level 7.4 Shields
 * Level 8.4 Spellcasting


You had 31 spell levels left.
You didn't know any spells.
Your spell library contained the following spells:

 Spells                   Type           Power      Damage    Failure   Level
 Apportation              Tloc           2%         N/A       100%        1
 Foxfire                  Conj/Fire      4%         2x1d4     100%        1
 Necrotise                Necr           4%         1d4       100%        1
 Summon Small Mammal      Summ           4%         N/A       100%        1
 Static Discharge         Conj/Air       2%         2-3/arc   100%        2
 Dazzling Flash           Conj/Hex       2%         N/A       100%        3
 Frozen Ramparts          Ice            2%         1d1       100%        3
 Ozocubu's Armour         Ice            1%         N/A       100%        3
 Tukima's Dance           Hex            1%         N/A       100%        3
 Airstrike                Air            0%         2d(1-17)  100%        4
 Passage of Golubria      Tloc           1%         N/A       100%        4
 Petrify                  Tmut/Erth      1%         N/A       100%        4
 Summon Ice Beast         Ice/Summ       1%         N/A       100%        4
 Summon Lightning Spire   Summ/Air       1%         N/A       100%        4
 Agony                    Necr           1%         N/A       100%        5
 Metabolic Englaciation   Hex/Ice        0%         N/A       100%        5
 Silence                  Hex/Air        0%         N/A       100%        5
 Summon Mana Viper        Hex/Summ       1%         N/A       100%        5
 Yara's Violent Unravell  Hex/Tmut       0%         3d3       100%        5
 Plasma Beam              Fire/Air       0%         2x1d10    100%        6
 Starburst                Conj/Fire      0%         6d3       100%        6
 Monstrous Menagerie      Summ           0%         N/A       100%        7
 Ozocubu's Refrigeration  Ice            0%         4d7       100%        7


Dungeon Overview and Level Annotations

Branches:
Dungeon (10/15)            Temple (1/1) D:7            Lair (5/5) D:10
 Shoals (1/4) Lair:3       Spider (0/4) Lair:3        Slime (0/5) Lair:4
    Orc: D:9-12

Altars:
Ashenzari
Cheibriados
Dithmenos
Elyvilon
Fedhas
Gozag
Hepliaklqana
Kikubaaqudgha
Makhleb
Nemelex Xobeh
Okawaru
Qazlal
Ru
Sif Muna
Trog
Uskayaw
Wu Jian
Xom
Yredelemnul
Zin
The Shining One
Jiyva

Annotations:
D:8 2 transporters, Zxelo's ghost, novice MiFi
Lair:5 3 runed translucent doors
Shoals:1 Louise


Innate Abilities, Weirdness & Mutations

You are small and have problems with some larger weapons.
You are completely attuned to the shadows.
[You have an uncontrollable temper.]
[You are very clumsy. (Dex -4)]
[Armour fits poorly on your strangely shaped body.]
[You are dopey. (Int -2)]
[Your magical capacity is extremely low. (-30% MP)]
[You do not regenerate when monsters are visible.]
[You are weak. (Str -2)]
[Your spells are a little easier to cast, but a little less powerful.]
[You sometimes lose the ability to drink potions when taking damage.]
[You sometimes lose the ability to read scrolls when taking damage.]


Message History

You can read scrolls again.
The hellwing hits you. The hellwing barely misses you.
The blizzard demon gestures at you. The bolt of cold hits you!
A starcursed mass splits.
You spin to attack the hellwing, but your attack speed is too slow for a blow to land.
A smoke demon comes into view.
You hear some strange, mumbled words.
Something tries to affect you, but you resist.
You block the hellwing's attack.
The hellwing hits you but does no damage.
A bone dragon comes into view.
Unknown command.
Unknown command.
Unknown command.
You feel a strong urge to attack something.
A hellwing comes into view.
There is an open door here.
You feel your anger nearly subside.
You are no longer berserk.
You are exhausted.
You feel yourself slow down.
You can drink potions again.
The Executioner hits you!!
* * * LOW HITPOINT WARNING * * *
The Executioner hits you.
* * * LOW HITPOINT WARNING * * *
The Executioner hits you but does no damage.
The Executioner barely misses you.
The Executioner hits you but does no damage. x2
You spin and attack the Executioner repeatedly.
You hit the Executioner but do no damage.
Your weapon exudes an aura of protection.
You miss the Executioner. The Executioner closely misses you.
The Executioner hits you but does no damage. x4
The Executioner barely misses you. The Executioner hits you.
* * * LOW HITPOINT WARNING * * *
You feel threatened and lose the ability to drink potions!
You block the Executioner's attack.
The Executioner hits you but does no damage.
The Executioner hits you!
You die...

#.######
.......
##.....# ##
#......#
X.2##.@...#
∆ 4
..31....#
..4.#.....#
...##.4...'
### #.....#
.......


You could see an Executioner (summoned, fast), 2 hellwings and a smoke demon.

Vanquished Creatures
  Nessos (Lair:4)
  Josephine (D:10)
  A merfolk javelineer (Shoals:1)
  5 hydras
  Fannar (D:10)
  Erolcha (D:10)
  6 catoblepae
  A boulder beetle (Lair:1)
  5 death yaks
  A death knight (D:9)
  A merfolk avatar (Shoals:1)
  2 two-headed ogres (D:9)
  A demonic crawler (Abyss:2)
  A thrashing horror (Abyss:2)
  Urug (Lair:1)
  A fire crab (D:10)
  3 skysharks
  A wretched star (Abyss:2)
  3 sea snakes (Shoals:1)
  6 large abominations (Abyss:2)
  A deep elf pyromancer (D:9)
  9 harpies (Shoals:1)
  A mana viper (shapeshifter) (D:9)
  2 fauns (Shoals:1)
  An ugly thing (D:9)
  2 cyclopes (D:9)
  2 manticores
  A worldbinder (Abyss:2)
  8 elephants
  6 black mambas
  A dire elephant zombie (Abyss:2)
  A torpor snail (Lair:2)
  4 merfolk sirens (Shoals:1)
  15 cane toads
  A smoke demon (Abyss:2)
  Psyche (D:8)
  A kobold demonologist (D:9)
  2 efreet
  5 rime drakes
  8 komodo dragons
  3 merfolk (Shoals:1)
  A troll (D:9)
  3 hornets (D:9)
  2 polar bears
  A raiju (Abyss:2)
  A snapping turtle (Lair:3)
  A wind drake (Shoals:1)
  Prince Ribbit (D:9)
  13 dream sheep
  25 blink frogs
  Sigmund (D:3)
  A shadow (D:9)
  5 wraiths
  63 yaks
  4 basilisks
  2 water elementals (Shoals:1)
  6 wyverns
  A chaos spawn (Abyss:2)
  5 steam dragons
  12 water moccasins
  4 acid dragons
  A small abomination (Abyss:2)
  2 ice beasts
  5 orc warriors
  2 black bears
  2 sky beasts (D:7)
  3 ogres
  7 wolves (Lair:2)
  5 centaurs
  A phantom (D:5)
  4 kobold brigands
  13 bullfrogs
  A scorpion (Lair:1)
  6 wights
  10 killer bees
  2 howler monkeys
  3 electric eels (Lair:3)
  A crimson imp (Abyss:2)
  3 jellies
  5 orc priests
  Ijyb (D:3)
  6 starcursed masses (Abyss:2)
  Jessica (D:2)
  A gnoll bouda (D:8)
  A sleepcap (D:5)
  Terence (D:3)
  14 orc wizards
  A hell rat (Lair:2)
  Robin (D:2)
  12 gnolls
  6 adders
  A shadow imp (D:5)
  3 ufetubi
  A worm (D:5)
  2 dart slugs
  37 orcs
  7 endoplasms
  4 giant cockroaches
  17 goblins
  12 hobgoblins
  8 jackals (D:4)
  21 kobolds
  5 quokkas
  11 ball pythons
  2 bats (D:2)
  4 frilled lizards
  3 rats
529 creatures vanquished.

Vanquished Creatures (others)
  A manticore (Lair:5)
  A vampire (D:9)
  A small abomination (Abyss:2)
  A gnoll (D:8)
  An ufetubus (Abyss:2)
  3 orcs
  A quokka (D:3)
  A lurking horror (Abyss:2)
10 creatures vanquished.

Grand Total: 539 creatures vanquished

Notes
Turn   | Place    | Note
-------+----------+-------------------------------------------
     0 | D:1      | GigaChad the Kobold Fighter began the quest for the Orb.
     0 | D:1      | Reached XP level 1. HP: 14/14 MP: 1/1
    97 | D:1      | Reached XP level 2. HP: 18/19 MP: 2/2
   344 | D:1      | Reached XP level 3. HP: 16/23 MP: 3/3
   349 | D:1      | Entered explore mode.
   644 | D:2      | Noticed Jessica
   648 | D:2      | Killed Jessica
   649 | D:2      | Reached skill level 2 in Axes
   649 | D:2      | Reached skill level 1 in Dodging
   649 | D:2      | Reached skill level 1 in Stealth
   649 | D:2      | Reached XP level 4. HP: 28/29 MP: 4/4
   670 | D:2      | Slain by a gnoll
                  | ... wielding a +0 halberd
                  | (13 damage)
   677 | D:2      | Slain by a gnoll
                  | ... wielding a +0 halberd
                  | (10 damage)
   777 | D:2      | Found a faded altar of an unknown god.
   780 | D:2      | Reached XP level 5. HP: 32/33 MP: 6/6
   861 | D:2      | Noticed Robin
   886 | D:2      | Slain by Robin
                  | ... wielding a +2 heavy trident
                  | (7 damage)
   893 | D:2      | Killed Robin
  1116 | D:2      | Found a white marble altar of Elyvilon.
  1161 | D:2      | Reached skill level 1 in Spellcasting
  1726 | D:3      | Found a glowing silver altar of Zin.
  1777 | D:3      | Noticed Terence
  1778 | D:3      | Noticed Sigmund
  1787 | D:3      | Killed Terence
  1788 | D:3      | Reached skill level 3 in Axes
  1805 | D:3      | Slain by Sigmund
                  | ... wielding a +0 scythe
                  | (7 damage)
  1825 | D:3      | Killed from afar by Sigmund (7 damage)
                  | ... with a puff of flame
  1826 | D:3      | Killed Sigmund
  1827 | D:3      | Reached XP level 6. HP: 38/38 MP: 6/8
  2000 | D:3      | Noticed Ijyb
  2027 | D:3      | Killed Ijyb
  2028 | D:3      | Reached XP level 7. HP: 43/43 MP: 9/9
  2122 | D:3      | Found a white marble altar of Elyvilon.
  2167 | D:3      | Identified the +3 ring mail of Instinct {rF- rN+++ Str-5
                  | Int+5}
  2176 | D:3      | Killed by divine providence
                  | ... invoked by an orc priest
                  | (12 damage)
  2188 | D:3      | Killed by nerve-wracking pain
                  | ... invoked by an orc priest
                  | (7 damage)
  2819 | D:4      | Reached skill level 4 in Axes
  3289 | D:4      | Found a hazy altar of Hepliaklqana.
  3434 | D:5      | Entered Level 5 of the Dungeon
  3450 | D:5      | Reached XP level 8. HP: 47/48 MP: 11/11
  3513 | D:5      | Found a shadowy altar of Dithmenos.
  3979 | D:5      | Reached skill level 5 in Axes
  4403 | D:5      | You fall into a shaft and drop 1 floor!
  4536 | D:6      | Found an ornate altar of the Wu Jian Council.
  4582 | D:6      | Found a bloodstained altar of Trog.
  4630 | D:6      | Reached skill level 5 in Fighting
  4658 | D:6      | Became a worshipper of the Wu Jian Council
  4699 | D:6      | Reached XP level 9. HP: 48/54 MP: 13/13
  4802 | D:6      | Identified the +6 dagger "Feap Umo" {flame, Dex+2}
  5361 | D:6      | Found an ancient bone altar of Kikubaaqudgha.
  5518 | D:7      | Slain by a wight
                  | ... wielding a +5 scimitar
                  | (11 damage)
  5533 | D:7      | Reached skill level 6 in Axes
  5837 | D:7      | HP: 2/54 [water moccasin (1)]
  5838 | D:7      | Reached * piety under Wu Jian
  5839 | D:7      | Reached skill level 5 in Stealth
  5839 | D:7      | Succumbed to a water moccasin's poison
  6209 | D:7      | Found a staircase to the Ecumenical Temple.
  6221 | Temple   | Entered the Ecumenical Temple
  6458 | D:8      | Noticed Psyche
  6476 | D:8      | Slain by an orc
                  | ... wielding a +0 flail
                  | (7 damage)
  6489 | D:8      | Killed Psyche
  6490 | D:8      | Reached XP level 10. HP: 25/60 MP: 13/15
  6494 | D:8      | HP: 2/60 [orc wizard/+0 dagger (5)]
  6498 | D:8      | Succumbed to Psyche's poison
  6543 | D:8      | HP: 2/60 [orc warrior/+0 scimitar (11)]
  6545 | D:8      | Reached skill level 7 in Axes
  6822 | D:8      | Found a transporter.
  6848 | D:8      | HP: 1/60 [yak (7)]
  6848 | D:8      | Slain by a yak (6 damage)
  6851 | D:8      | Reached ** piety under Wu Jian
  6852 | D:8      | Reached skill level 5 in Dodging
  6859 | D:8      | HP: 1/61 [yak (6)]
  6860 | D:8      | Slain by a yak (3 damage)
  6863 | D:8      | Reached skill level 5 in Armour
  6930 | D:8      | Found a transporter.
  6932 | D:8      | Noticed Zxelo's ghost (novice MiFi)
  7034 | D:8      | Succumbed to a killer bee's poison
  7039 | D:8      | HP: 1/61 [killer bee (3)]
  7039 | D:8      | Slain by a killer bee (2 damage)
  7044 | D:8      | Slain by a gnoll
                  | ... wielding a +0 halberd
                  | ... led by a gnoll bouda
                  | (5 damage)
  7047 | D:8      | HP: 1/61 [killer bee (7)]
  7047 | D:8      | Mangled by a gnoll
                  | ... wielding a +0 spear
                  | ... led by a gnoll bouda
                  | (8 damage)
  7050 | D:8      | Killed from afar by an acid dragon (22 damage)
                  | ... with a splash of acid
  7062 | D:8      | HP: 3/61 [gnoll bouda/+0 club (2)]
  7063 | D:8      | Slain by a gnoll
                  | ... wielding a +0 halberd
                  | ... led by a gnoll bouda
                  | (6 damage)
  7252 | D:8      | Identified the +0 leather armour of Xom's Righteous Fury
                  | {Regen+}
  7690 | D:9      | Noticed a death knight
  7703 | D:9      | Mangled by a troll (13 damage)
  7709 | D:9      | Slain by a troll (11 damage)
  7715 | D:9      | HP: 3/61 [mirror damage (1)]
  7715 | D:9      | Slain by a troll (6 damage)
  7720 | D:9      | HP: 3/61 [troll (9)]
  7721 | D:9      | Demolished by a death knight
                  | ... wielding a +0 battleaxe
                  | (24 damage)
  7726 | D:9      | Slain by a death knight
                  | ... wielding a +0 battleaxe
                  | (17 damage)
  7732 | D:9      | HP: 3/61 [death knight/+0 battleaxe (15)]
  7732 | D:9      | Slain by a troll (6 damage)
  7739 | D:9      | Killed a death knight
  7740 | D:9      | Reached XP level 11. HP: 7/67 MP: 17/17
  7742 | D:9      | HP: 2/67 [troll (8)]
  7742 | D:9      | Slain by a troll (7 damage)
  7748 | D:9      | Reached skill level 8 in Axes
  7810 | D:9      | HP: 3/67 [wraith (8)]
  7811 | D:9      | HP: 1/67 [poisoned by a hornet]
  7812 | D:9      | Succumbed to a hornet's poison
  7816 | D:9      | Paralysed by a hornet for 2 turns
  7821 | D:9      | Slain by a wraith (7 damage)
  7824 | D:9      | Paralysed by a hornet for 2 turns
  7828 | D:9      | HP: 3/67 [orc warrior/arrow (10)]
  7831 | D:9      | Killed by divine providence
                  | ... invoked by an orc priest
                  | (17 damage)
  7831 | D:9      | Paralysed by a hornet for 3 turns
  7845 | D:9      | Noticed a cyclops
  7846 | D:9      | Reached *** piety under Wu Jian
  7846 | D:9      | HP: 3/67 [bullfrog (1)]
  7846 | D:9      | Hit by a large rock thrown by a cyclops (5 damage)
  7861 | D:9      | Killed a cyclops
  7877 | D:9      | Noticed a deep elf pyromancer
  7885 | D:9      | HP: 1/67 [fire elemental[a deep elf pyromancer] (6)]
  7887 | D:9      | Mangled by a fire elemental (12 damage)
                  | ... summoned by a deep elf pyromancer
  7891 | D:9      | Killed a deep elf pyromancer
  7916 | D:9      | Noticed a brown ugly thing
  7922 | D:9      | Succumbed to a hornet's poison
  7924 | D:9      | HP: 1/67 [hornet (11)]
  7924 | D:9      | Slain by a hornet (2 damage)
  7925 | D:9      | Paralysed by a hornet for 3 turns
  7925 | D:9      | Splashed by a brown ugly thing's acid (8 damage)
                  | ... while paralysed by a hornet
  7929 | D:9      | Mangled by a brown ugly thing (11 damage)
  7930 | D:9      | Paralysed by a hornet for 1 turns
  7930 | D:9      | Slain by a hornet (9 damage)
                  | ... while paralysed by a hornet
  7931 | D:9      | HP: 3/67 [hornet (16)]
  7932 | D:9      | Mangled by a hornet (15 damage)
  7934 | D:9      | Slain by a brown ugly thing (14 damage)
  7936 | D:9      | HP: 2/67 [brown ugly thing (13)]
  7936 | D:9      | Splashed by a brown ugly thing's acid (7 damage)
  7936 | D:9      | Paralysed by a hornet for 1 turns
  7937 | D:9      | Mangled by a hornet (10 damage)
  7940 | D:9      | Slain by a brown ugly thing (6 damage)
  7940 | D:9      | Paralysed by a hornet for 2 turns
  7941 | D:9      | HP: 3/67 [brown ugly thing (16)]
  7941 | D:9      | Splashed by a brown ugly thing's acid (6 damage)
                  | ... while paralysed by a hornet
  7943 | D:9      | Splashed by a brown ugly thing's acid (7 damage)
  7945 | D:9      | Slain by a hornet (16 damage)
  7945 | D:9      | Paralysed by a hornet for 2 turns
  7946 | D:9      | Slain by a hornet (17 damage)
                  | ... while paralysed by a hornet
  7965 | D:9      | Noticed a two-headed ogre
  7970 | D:9      | Demolished by a two-headed ogre
                  | ... wielding a +0 giant club
                  | (25 damage)
  7974 | D:9      | Slain by a two-headed ogre
                  | ... wielding a +0 giant club
                  | (9 damage)
  7977 | D:9      | HP: 2/67 [two-headed ogre/+0 giant club (7)]
  7980 | D:9      | Annihilated by a two-headed ogre
                  | ... wielding a +0 giant club
                  | (29 damage)
  7990 | D:9      | HP: 3/67 [two-headed ogre/+0 giant club (22)]
  7990 | D:9      | Mangled by a two-headed ogre
                  | ... wielding a +0 giant club
                  | (10 damage)
  7997 | D:9      | Killed a two-headed ogre
  7998 | D:9      | Reached skill level 5 in Spellcasting
  8002 | D:9      | HP: 3/68 [something (5)]
  8037 | D:9      | Noticed a cyclops
  8052 | D:9      | Mangled by a cyclops (15 damage)
  8056 | D:9      | Killed a cyclops
  8069 | D:9      | HP: 1/68 [red devil/+2 demon trident of electrocution[a
                  | kobold demonologist] (8)]
  8069 | D:9      | Demolished by a red devil
                  | ... wielding a +2 demon trident of
                  | electrocution
                  | ... summoned by a kobold demonologist
                  | (19 damage)
  8070 | D:9      | Noticed a soul eater
  8139 | D:9      | Noticed Prince Ribbit
  8151 | D:9      | Killed Prince Ribbit
  8152 | D:9      | Reached skill level 5 in Shields
  8247 | D:9      | Slain by a hornet (12 damage)
  8247 | D:9      | Paralysed by a hornet for 3 turns
  8359 | D:9      | Reached skill level 9 in Axes
  8365 | D:9      | Noticed a two-headed ogre
  8380 | D:9      | Mangled by a two-headed ogre
                  | ... wielding a +0 giant club
                  | (11 damage)
  8385 | D:9      | Killed a two-headed ogre
  8460 | D:9      | Identified the +7 spear of Tifokily {heavy, rElec}
  8460 | D:9      | Noticed a tengu warrior
  8461 | D:9      | Noticed a purple ugly thing
  8481 | D:9      | Reached XP level 12. HP: 39/73 MP: 20/20
  8497 | D:9      | Noticed a tengu warrior
  8501 | D:9      | Noticed a centaur warrior
  8516 | D:9      | Slain by a mana viper (shapeshifter) (11 damage)
  8858 | D:9      | Killed from afar by an efreet (16 damage)
                  | ... with a bolt of fire
  8864 | D:9      | Killed from afar by an efreet (29 damage)
                  | ... with a bolt of fire
  8876 | D:9      | HP: 3/74 [acid (8)]
  8877 | D:9      | Slain by a brown ugly thing (9 damage)
  8900 | D:9      | Slain by a hornet (7 damage)
  8900 | D:9      | Paralysed by a hornet for 2 turns
  8905 | D:9      | Paralysed by a hornet for 3 turns
  8909 | D:9      | Paralysed by a hornet for 3 turns
  8912 | D:9      | Slain by a hornet (9 damage)
  8917 | D:9      | Paralysed by a hornet for 1 turns
  8920 | D:9      | Slain by a hornet (14 damage)
  8921 | D:9      | Paralysed by a hornet for 3 turns
  8928 | D:9      | Paralysed by a hornet for 1 turns
  8932 | D:9      | Paralysed by a hornet for 1 turns
  8933 | D:9      | HP: 1/75 [poisoned by a hornet]
  8934 | D:9      | Succumbed to a hornet's poison
  9268 | D:9      | Noticed a skeletal warrior
  9288 | D:9      | Upgraded the game from 0.31-a0-868-g674d60d6f7 to
                  | 0.31-a0-875-g02e7d12df6
  9313 | D:10     | Entered Level 10 of the Dungeon
  9364 | D:10     | Noticed Erolcha
  9370 | D:10     | Noticed a fire crab
  9374 | D:10     | Slain by Erolcha
                  | ... wielding a +0 giant club
                  | (12 damage)
  9375 | D:10     | Killed Erolcha
  9380 | D:10     | Engulfed by a fire crab's flame (22 damage)
  9390 | D:10     | Engulfed by a fire crab's flame (8 damage)
  9392 | D:10     | Killed a fire crab
  9481 | D:10     | Noticed Fannar
  9485 | D:10     | Noticed Josephine
  9491 | D:10     | Killed from afar by Fannar (20 damage)
                  | ... with a bolt of cold
  9498 | D:10     | HP: 2/75 [Fannar/+0 quarterstaff of freezing (2)]
  9500 | D:10     | Slain by a wraith (1 damage)
                  | ... led by Josephine
  9512 | D:10     | HP: 3/75 [Fannar/bolt of cold (23)]
  9512 | D:10     | Slain by a wraith (6 damage)
                  | ... led by Josephine
  9518 | D:10     | HP: 2/75 [wraith[Josephine] (5)]
  9518 | D:10     | Killed by vampiric draining
                  | ... invoked by Josephine
                  | (10 damage)
  9523 | D:10     | Slain by a wraith (6 damage)
                  | ... led by Josephine
  9526 | D:10     | Killed Josephine
  9526 | D:10     | Reached **** piety under Wu Jian
  9535 | D:10     | Mangled by an ice beast (11 damage)
                  | ... summoned by Fannar
  9547 | D:10     | HP: 3/75 [ice beast[Fannar] (11)]
  9549 | D:10     | Mangled by an ice beast (12 damage)
                  | ... summoned by Fannar
  9557 | D:10     | HP: 3/75 [Fannar/+0 quarterstaff of freezing (3)]
  9559 | D:10     | Slain by Fannar
                  | ... wielding a +0 quarterstaff of freezing
                  | (8 damage)
  9571 | D:10     | Killed Fannar
  9602 | D:10     | Found a staircase to the Lair.
  9657 | Lair:1   | Entered Level 1 of the Lair of Beasts
  9741 | Lair:1   | Slain by a blink frog (7 damage)
  9895 | Lair:1   | Reached skill level 10 in Axes
 10240 | Lair:1   | Mangled by a cane toad (17 damage)
 10345 | Lair:1   | Noticed a boulder beetle
 10352 | Lair:1   | HP: 3/76 [blink frog (9)]
 10353 | Lair:1   | Mangled by a blink frog (11 damage)
 10357 | Lair:1   | HP: 2/76 [boulder beetle (15)]
 10358 | Lair:1   | Mangled by a blink frog (10 damage)
 10362 | Lair:1   | Reached XP level 13. HP: 67/80 MP: 22/22
 10539 | Lair:1   | Noticed Urug
 10570 | Lair:1   | Killed Urug
 11063 | Lair:2   | Noticed a catoblepas
 11070 | Lair:2   | Noticed a six-headed hydra
 11110 | Lair:2   | HP: 2/77 [nine-headed hydra (7)]
 11111 | Lair:2   | Slain by a nine-headed hydra (7 damage)
 11118 | Lair:2   | Slain by a 13-headed hydra (8 damage)
 11124 | Lair:2   | Slain by an 18-headed hydra (9 damage)
 11126 | Lair:2   | HP: 1/77 [18-headed hydra (5)]
 11126 | Lair:2   | Slain by an 18-headed hydra (1 damage)
 11132 | Lair:2   | Slain by a 19-headed hydra (9 damage)
 11136 | Lair:2   | Slain by a 19-headed hydra (12 damage)
 11138 | Lair:2   | HP: 3/77 [19-headed hydra (8)]
 11138 | Lair:2   | HP: 1/77 [19-headed hydra (2)]
 11139 | Lair:2   | Slain by a 20-headed hydra (3 damage)
 11141 | Lair:2   | Slain by a 19-headed hydra (11 damage)
 11144 | Lair:2   | HP: 2/77 [20-headed hydra (5)]
 11144 | Lair:2   | Mangled by a 20-headed hydra (9 damage)
 11148 | Lair:2   | Slain by a 19-headed hydra (9 damage)
 11153 | Lair:2   | HP: 2/77 [19-headed hydra (4)]
 11153 | Lair:2   | Mangled by a 19-headed hydra (8 damage)
 11155 | Lair:2   | Slain by a 19-headed hydra (4 damage)
 11157 | Lair:2   | Slain by a 20-headed hydra (7 damage)
 11159 | Lair:2   | Slain by a 19-headed hydra (9 damage)
 11161 | Lair:2   | Slain by a 19-headed hydra (8 damage)
 11164 | Lair:2   | HP: 1/77 [20-headed hydra (8)]
 11164 | Lair:2   | Slain by a 20-headed hydra (2 damage)
 11166 | Lair:2   | Slain by a 20-headed hydra (9 damage)
 11167 | Lair:2   | Killed a 19-headed hydra
 11432 | Lair:2   | Slain by a torpor snail (9 damage)
 11721 | Lair:2   | HP: 4/81 [rime drake/icy flash freeze (25)]
 11724 | Lair:2   | Mangled by a cane toad (15 damage)
 11728 | Lair:2   | Reached ***** piety under Wu Jian
 11729 | Lair:2   | Reached skill level 11 in Axes
 11750 | Lair:2   | Slain by a komodo dragon (8 damage)
 11905 | Lair:2   | HP: 2/82 [catoblepas (8)]
 11906 | Lair:2   | Mangled by a catoblepas (9 damage)
                  | ... while petrified by a catoblepas
 11937 | Lair:2   | Killed a catoblepas
 12105 | Lair:2   | Noticed an eight-headed hydra
 12123 | Lair:2   | HP: 3/82 [11-headed hydra (10)]
 12123 | Lair:2   | Slain by an 11-headed hydra (8 damage)
 12128 | Lair:2   | HP: 2/82 [15-headed hydra (6)]
 12128 | Lair:2   | Mangled by a 15-headed hydra (12 damage)
 12133 | Lair:2   | Slain by an 18-headed hydra (8 damage)
 12138 | Lair:2   | HP: 2/82 [20-headed hydra (3)]
 12138 | Lair:2   | Mangled by a 20-headed hydra (8 damage)
 12140 | Lair:2   | Slain by a 20-headed hydra (8 damage)
 12142 | Lair:2   | Slain by a 20-headed hydra (12 damage)
 12145 | Lair:2   | HP: 3/82 [20-headed hydra (6)]
 12145 | Lair:2   | Slain by a 20-headed hydra (5 damage)
 12148 | Lair:2   | Slain by a 20-headed hydra (11 damage)
 12151 | Lair:2   | Killed a 19-headed hydra
 12152 | Lair:2   | Reached skill level 10 in Fighting
 12159 | Lair:2   | HP: 4/82 [poisoned by a black mamba]
 12159 | Lair:2   | HP: 1/82 [black mamba (3)]
 12160 | Lair:2   | Mangled by a black mamba (12 damage)
 12208 | Lair:2   | HP: 3/82 [poisoned by a black mamba]
 12208 | Lair:2   | Slain by a black mamba (5 damage)
 12229 | Lair:2   | Reached XP level 14. HP: 37/88 MP: 24/24
 12303 | Lair:2   | Reached skill level 10 in Stealth
 12914 | Lair:3   | Mangled by a komodo dragon (21 damage)
 13018 | Lair:3   | Slain by a 12-headed hydra (8 damage)
 13023 | Lair:3   | HP: 3/88 [16-headed hydra (2)]
 13023 | Lair:3   | Mangled by a 16-headed hydra (10 damage)
 13027 | Lair:3   | Mangled by a 19-headed hydra (12 damage)
 13029 | Lair:3   | Slain by a 20-headed hydra (11 damage)
 13032 | Lair:3   | HP: 3/88 [20-headed hydra (7)]
 13032 | Lair:3   | HP: 1/88 [20-headed hydra (2)]
 13032 | Lair:3   | Slain by a 20-headed hydra (4 damage)
 13036 | Lair:3   | Slain by a 20-headed hydra (3 damage)
 13039 | Lair:3   | Slain by a 20-headed hydra (10 damage)
 13043 | Lair:3   | Slain by a 19-headed hydra (9 damage)
 13047 | Lair:3   | Slain by a 19-headed hydra (11 damage)
 13050 | Lair:3   | Slain by a 20-headed hydra (9 damage)
 13055 | Lair:3   | HP: 3/88 [19-headed hydra (3)]
 13055 | Lair:3   | Slain by a 19-headed hydra (5 damage)
 13057 | Lair:3   | HP: 1/88 [19-headed hydra (5)]
 13057 | Lair:3   | Slain by a 19-headed hydra (2 damage)
 13060 | Lair:3   | Slain by a 20-headed hydra (5 damage)
 13065 | Lair:3   | HP: 4/88 [20-headed hydra (8)]
 13065 | Lair:3   | Mangled by a 20-headed hydra (12 damage)
 13113 | Lair:3   | HP: 4/88 [skyshark (7)]
 13116 | Lair:3   | Mangled by a skyshark (15 damage)
 13281 | Lair:3   | Found a staircase to the Shoals.
 13304 | Lair:3   | HP: 2/88 [snapping turtle (12)]
 13305 | Lair:3   | Slain by a snapping turtle (9 damage)
 13369 | Lair:3   | Found a hole to the Spider Nest.
 13518 | Lair:3   | HP: 3/88 [black mamba (10)]
 13519 | Lair:3   | Succumbed to a black mamba's poison
 13631 | Lair:3   | HP: 1/88 [skyshark (18)]
 13632 | Lair:3   | Mangled by a skyshark (7 damage)
 13648 | Lair:3   | HP: 3/88 [skyshark (5)]
 14257 | Lair:4   | Slain by a 17-headed hydra (11 damage)
 14262 | Lair:4   | HP: 4/88 [20-headed hydra (11)]
 14262 | Lair:4   | Slain by a 20-headed hydra (8 damage)
 14264 | Lair:4   | Mangled by a 20-headed hydra (8 damage)
 14269 | Lair:4   | HP: 3/88 [19-headed hydra (11)]
 14269 | Lair:4   | Slain by a 19-headed hydra (4 damage)
 14272 | Lair:4   | Mangled by a 19-headed hydra (12 damage)
 14275 | Lair:4   | Slain by a 20-headed hydra (9 damage)
 14278 | Lair:4   | HP: 4/88 [19-headed hydra (3)]
 14278 | Lair:4   | Slain by a 19-headed hydra (7 damage)
 14356 | Lair:4   | Slain by a 13-headed hydra (11 damage)
 14358 | Lair:4   | Slain by a 14-headed hydra (11 damage)
 14363 | Lair:4   | HP: 1/88 [18-headed hydra (4)]
 14363 | Lair:4   | Mangled by a yak (8 damage)
 14367 | Lair:4   | Slain by a 20-headed hydra (9 damage)
 14371 | Lair:4   | Slain by a 19-headed hydra (8 damage)
 14375 | Lair:4   | Slain by a 20-headed hydra (9 damage)
 14378 | Lair:4   | HP: 4/88 [yak (9)]
 14379 | Lair:4   | Mangled by a 19-headed hydra (10 damage)
 14383 | Lair:4   | HP: 1/88 [19-headed hydra (10)]
 14384 | Lair:4   | Slain by a 20-headed hydra (5 damage)
 14386 | Lair:4   | Mangled by a 20-headed hydra (12 damage)
 14390 | Lair:4   | HP: 3/88 [20-headed hydra (4)]
 14390 | Lair:4   | Mangled by a 20-headed hydra (11 damage)
 14393 | Lair:4   | Mangled by a 20-headed hydra (11 damage)
 14503 | Lair:4   | Noticed Nessos
 14538 | Lair:4   | Shot with an arrow by Nessos (23 damage)
 14541 | Lair:4   | HP: 3/88 [Nessos/arrow (25)]
 14541 | Lair:4   | Shot with an arrow by Nessos (11 damage)
 14548 | Lair:4   | Succumbed to Nessos's poison
 14563 | Lair:4   | Killed Nessos
 14564 | Lair:4   | HP: 4/88 [poisoned by Nessos]
 14569 | Lair:4   | HP: 3/88 [poisoned by Nessos]
 15690 | Lair:4   | Found a viscous altar of Jiyva.
 15690 | Lair:4   | Found a staircase to the Slime Pits.
 16028 | Lair:5   | Entered Level 5 of the Lair of Beasts
 16098 | Lair:5   | HP: 4/88 [catoblepas (20)]
 16099 | Lair:5   | Mangled by a catoblepas (18 damage)
 16168 | Lair:5   | Reached skill level 12 in Axes
 16190 | Lair:5   | Slain by a catoblepas (14 damage)
                  | ... while petrified by a catoblepas
 16309 | Lair:5   | Reached XP level 15. HP: 20/94 MP: 26/26
 16962 | Lair:5   | Mangled by a catoblepas (16 damage)
 17328 | Lair:5   | HP: 4/95 [catoblepas (4)]
 17329 | Lair:5   | Slain by a catoblepas (10 damage)
                  | ... while petrified by a catoblepas
 17423 | Lair:5   | Found a runed translucent gate.
 17423 | Lair:5   | Found a runed translucent gate.
 17423 | Lair:5   | Found a runed translucent gate.
 17978 | Shoals:1 | Entered Level 1 of the Shoals
 18042 | Shoals:1 | Reached skill level 10 in Armour
 18081 | Shoals:1 | HP: 3/95 [faun/+0 spear (6)]
 18085 | Shoals:1 | Shot with a sling bullet by a faun (9 damage)
 18240 | Shoals:1 | Hit by a silver javelin thrown by a merfolk javelineer (19
                  | damage)
 18686 | Shoals:1 | Noticed Louise
 18703 | Shoals:1 | HP: 2/90 [harpy (5)]
 18705 | Shoals:1 | Slain by Louise
                  | ... wielding a +4 morningstar of draining
                  | (6 damage)
 18734 | Shoals:1 | HP: 3/71 [Louise/+4 morningstar of draining (4)]
 18737 | Shoals:1 | Demolished by Louise
                  | ... wielding a +4 morningstar of draining
                  | (20 damage)
 18745 | Shoals:1 | HP: 2/57 [Louise/+4 morningstar of draining (3)]
 18750 | Shoals:1 | Slain by Louise
                  | ... wielding a +4 morningstar of draining
                  | (6 damage)
 18754 | Abyss:2  | Cast into level 2 of the Abyss (Louise)
 18798 | Abyss:2  | Found a corrupted altar of Lugonu.
 18933 | Abyss:2  | HP: 3/64 [dire elephant zombie (20)]
 18938 | Abyss:2  | Mangled by a dire elephant zombie (21 damage)
 18943 | Abyss:2  | Reached skill level 13 in Axes
 19015 | Abyss:2  | Paralysed by accursed screaming for 1 turns
 19017 | Abyss:2  | HP: 3/68 [starcursed mass/accursed screaming (12)]
 19020 | Abyss:2  | HP: 1/68 [starcursed mass/accursed screaming (5)]
 19034 | Abyss:2  | Slain by a large abomination (8 damage)
 19061 | Abyss:2  | HP: 1/75 [demonic crawler (8)]
 19062 | Abyss:2  | Slain by a demonic crawler (4 damage)
 19071 | Abyss:2  | HP: 1/75 [efreet/bolt of fire (21)]
 19071 | Abyss:2  | Mangled by a demonic crawler (7 damage)
 19077 | Abyss:2  | Slain by a demonic crawler (10 damage)
 19086 | Abyss:2  | Slain by a demonic crawler (7 damage)
 19091 | Abyss:2  | HP: 3/76 [demonic crawler (3)]
 19091 | Abyss:2  | Demolished by a large abomination (19 damage)
 19098 | Abyss:2  | Killed from afar by a wretched star (18 damage)
                  | ... with a lance of force
 19102 | Abyss:2  | Slain by a demonic crawler (12 damage)
 19107 | Abyss:2  | Killed from afar by a wretched star (25 damage)
                  | ... with a lance of force
 19114 | Abyss:2  | Slain by a demonic crawler (11 damage)
 19120 | Abyss:2  | Killed from afar by a wretched star (29 damage)
                  | ... with a lance of force
 19124 | Abyss:2  | Slain by a demonic crawler (7 damage)
 19126 | Abyss:2  | HP: 1/47 [large abomination (15)]
 19126 | Abyss:2  | Mangled by a demonic crawler (9 damage)
 19131 | Abyss:2  | HP: 1/72 [skeletal warrior/+0 mace[a worldbinder] (17)]
 19131 | Abyss:2  | Mangled by a demonic crawler (14 damage)
 19137 | Abyss:2  | Slain by a small abomination (13 damage)
 19145 | Abyss:2  | Reached skill level 10 in Dodging
 19152 | Abyss:2  | Mangled by a large abomination (16 damage)
 19152 | Abyss:2  | Gained mutation: [Your magical capacity is extremely low.
                  | (-30% MP)] [a neqoxec]
 19156 | Abyss:2  | Gained mutation: [You are very clumsy. (Dex -4)] [a
                  | neqoxec]
 19158 | Abyss:2  | Gained mutation: [You sometimes lose the ability to read
                  | scrolls when taking damage.] [a neqoxec]
 19159 | Abyss:2  | Annihilated by a large abomination (28 damage)
 19161 | Abyss:2  | Gained mutation: [You sometimes lose the ability to drink
                  | potions when taking damage.] [a neqoxec]
 19165 | Abyss:2  | Reached XP level 16. HP: 14/89 MP: 19/19
 19165 | Abyss:2  | Noticed a dread lich
 19166 | Abyss:2  | Slain by a large abomination (9 damage)
 19171 | Abyss:2  | Noticed an Executioner
 19172 | Abyss:2  | Slain by a large abomination (25 damage)
 19175 | Abyss:2  | Paralysed by accursed screaming for 2 turns
 19178 | Abyss:2  | Noticed a Tzitzimitl
 19180 | Abyss:2  | Annihilated by a large abomination (31 damage)
 19184 | Abyss:2  | Mangled by a large abomination (14 damage)
 19185 | Abyss:2  | Paralysed by accursed screaming for 2 turns
 19185 | Abyss:2  | HP: 1/73 [Tzitzimitl/bolt of negative energy[a dread lich]
                  | (68)]
 19185 | Abyss:2  | Mangled by a blizzard demon (11 damage)
                  | ... summoned by a dread lich
                  | ... while paralysed by accursed screaming
 19187 | Abyss:2  | Slain by a blizzard demon (6 damage)
                  | ... summoned by a dread lich
                  | ... while paralysed by accursed screaming
 19189 | Abyss:2  | Killed from afar by a Tzitzimitl (35 damage)
                  | ... with a bolt of negative energy
                  | ... summoned by a dread lich
 19191 | Abyss:2  | Slain by a dread lich (13 damage)
 19194 | Abyss:2  | Noticed a bone dragon
 19199 | Abyss:2  | Slain by an Executioner

Illustrated notes

Levels and vault maps discovered:
D:1:      minmay_arrival_hallway, layout_basic
D:2:      minmay_chambers_of_twos, layout_rooms,
          chequers_ecumenical_altar_lobes, basic_altar, serial_aquarium,
          aquarium_bridge_square [aquarium_subvault_bridge,
          aquarium_subvault_balcony, aquarium_subvault_wall,
          aquarium_subvault_wall], aquarium_bridge_straight
          [aquarium_subvault_bridge, aquarium_subvault_window,
          aquarium_subvault_bridge, aquarium_subvault_balcony],
          aquarium_window_fake, aquarium_window_2, aquarium_window_1,
          aquarium_window_3, aquarium_view_2e, uniq_robin, uniq_jessica
D:3:      layout_rooms, mainiacjoe_overflow_paths, elyvilon_altar_4,
          uniq_sigmund, uniq_ijyb, uniq_terence
D:4:      layout_cave_pods, mainiacjoe_overflow_brackets,
          chequers_serial_rivers_micro_a
D:5:      layout_loops_corners, general_overflow_altar, minmay_misc_feat_doors
D:6:      layout_loops_cross, lemuel_round_altar, trog_three_pillars_becter,
          mainiacjoe_overflow_24_doors, minivault_1, chequers_arboretum,
          dk_noncrumbling_2
D:7:      layout_rooms, temple_hall, serial_bayou_crossing
D:8:      layout_basic, gammafunk_ghost_berserking_beasts, uniq_psyche
D:9:      minmay_the_grid_3x3 [minmay_the_grid_spikes, minmay_the_grid_gridbox,
          minmay_the_grid_stretched_grid, minmay_the_grid_fan,
          minmay_the_grid_minigrid_small, minmay_the_grid_square_x,
          minmay_the_grid_tiny_cups, minmay_the_grid_tree,
          minmay_the_grid_prize_inner_circle], layout_loops_cross, minivault_12,
          uniq_prince_ribbit1
D:10:     layout_cave_pools, mainiacjoe_overflow_boulevard,
          minmay_lair_entry_lava, nicolae_eternal_life, uniq_erolcha,
          uniq_fannar, uniq_josephine
Temple:   compressed_dpeg_circular_temple
Lair:1:   layout_regular_city, uniq_urug
Lair:2:   nzn_winding_woodlands_stair_cross
          [nzn_winding_woodlands_5x15_pathside_ponds,
          nzn_winding_woodlands_center_lodge,
          nzn_winding_woodlands_5x15_sawtooth,
          nzn_winding_woodlands_5x5_open_star, nzn_winding_woodlands_hourglass,
          nzn_winding_woodlands_5x15_garden,
          nzn_winding_woodlands_center_garden,
          nzn_winding_woodlands_5x15_crooked], layout_long_grid, st_stairs_4,
          minivault_11, columned_hall_lemuel
Lair:3:   layout_hall_layers, minmay_shoals_entry_hut,
          spider_nest_entry_web_field, serial_bayou_shore_b
Lair:4:   layout_small_grid, dpeg_slime_entry_enclosed, grunt_megastairs_5,
          infiniplex_staircase_pool_2, serial_bayou_shore_b, uniq_nessos
Lair:5:   evilmike_catoblepas_cave, layout_gridlike, gammafunk_ghost_necromancy
Shoals:1: layout_shoals, uniq_louise
Abyss:2:  base: Lair:1, hangedman_abyss_monster_moat,
          hangedman_abyss_or_decor_stabs, hangedman_abyss_or_decor_stabs,
          hangedman_abyss_exit_choices

Skill      XL: |  1  2  3  4  5  6  7  8  9 10 11 12 13 14 15 |
---------------+----------------------------------------------+-----
Axes           | 2 3 4 5 6 7 9 10 11 12 13 | 13.1
Dodging        | 1 2 3 4 5 6 7 8 9 10 | 10.0
Stealth        | 1 2 3 4 5 6 7 8 9 11 | 11.8
Spellcasting   | 1 2 3 4 5 6 7 8 |  8.4
Armour         | 3 4 5 6 7 8 9 10 | 10.4
Fighting       | 4 5 7 8 9 10 11 | 11.9
Shields        | 3 4 5 6 7 |  7.4

Action                     |  1- 3 |  4- 6 |  7- 9 | 10-12 | 13-15 | 16-18 || total
---------------------------+-------+-------+-------+-------+-------+-------++-------
  Melee: War axe           |    67 |   141 |   399 |   952 |  1907 |    27 ||  3493
         Unarmed           |       |       |    30 |    27 |       |       ||    57
 Invoke: Serpent's Lash    |       |       |       |     1 |     2 |       ||     3
         Heavenly Storm    |       |       |       |       |     1 |       ||     1
Ability: Lunge             |       |       |     4 |    22 |    51 |       ||    77
         Whirlwind         |       |       |       |    86 |   136 |     3 ||   225
         Wall Jump         |       |       |       |       |     1 |       ||     1
    Use: Scroll            |       |     5 |     2 |     7 |     2 |       ||    16
   Stab: Sleeping          |       |     4 |     5 |       |     1 |       ||    10
         Petrified         |       |       |       |       |    10 |       ||    10
         Petrifying        |       |       |       |       |     2 |       ||     2
         Distracted        |       |       |       |       |     1 |       ||     1
 Armour: Scale mail        |    49 |   137 |   118 |       |       |       ||   304
         Chain mail        |       |       |    67 |       |       |       ||    67
         Plate armour      |       |       |   182 |  1664 |  4670 |    90 ||  6606
         Skin              |       |       |    17 |    16 |       |       ||    33
  Dodge: Dodged            |    41 |   104 |   251 |   677 |  1923 |    19 ||  3015
  Block: Buckler           |     7 |    44 |   116 |   400 |   967 |    11 ||  1545

Table legend: (Time is in decaauts)
 A = Elapsed time spent in this place.
 B = Non-inter-level travel time spent in this place.
 C = Inter-level travel time spent in this place.
 D = Time resting spent in this place.
 E = Time spent auto-exploring this place.
 F = Levels seen in this place.
 G = Mean time per level.
                   A        B        C        D        E       F      G
               +--------+--------+--------+--------+--------+-----+--------+
         Total |  19662 |  19238 |    424 |    600 |  12531 |  18 | 1092.3 |
       Dungeon |  10124 |   9873 |    251 |    322 |   6463 |  10 | 1012.4 |
        Temple |      3 |      3 |      0 |      0 |      0 |   1 |    3.0 |
          Lair |   8324 |   8151 |    173 |    278 |   5606 |   5 | 1664.8 |
        Shoals |    795 |    795 |      0 |      0 |    446 |   1 |  795.0 |
         Abyss |    414 |    414 |      0 |      0 |     14 |   1 |  414.0 |
               +--------+--------+--------+--------+--------+-----+--------+

Top non-repeatable levels by time:
     D:9: 1985 daAuts
  Lair:4: 1897 daAuts
  Lair:2: 1875 daAuts
  Lair:5: 1866 daAuts
  Lair:3: 1375 daAuts
  Lair:1: 1309 daAuts
     D:4: 1166 daAuts
     D:8: 1156 daAuts
     D:2: 1066 daAuts
     D:6: 1040 daAuts
     D:5: 1003 daAuts
     D:7: 954 daAuts
Shoals:1: 795 daAuts
     D:3: 676 daAuts
     D:1: 653 daAuts
